 Dungeon Crawl Stone Soup version 0.13-a0-3016-gcb2faac (webtiles) character file.

1893 Misa the Firebug (level 8, -1/70 HPs)
             Began as a Djinni Fire Elementalist on Sept 11, 2013.
             Was a Follower of Vehumet.
             Slain by a warg (7 damage)
             ... on Level 7 of the Dungeon.
             The game lasted 00:26:29 (8046 turns).

Misa the Firebug (Djinni Fire Elementalist)         Turns: 8046, Time: 00:26:30

HP  -1/70        AC  2     Str  8      XL: 8   Next: 52%
MP   0/0         EV 12     Int 19      God: Vehumet [*.....]
Gold 388         SH  0     Dex 13      Spells:  3 memorised, 11 levels left

Res.Fire  : + + +   See Invis. : .   e - +1,+4 short sword (freeze)
Res.Cold  : x . .   Warding    : .   a - +0 robe
Life Prot.: + + +   Conserve   : .   (no shield)
Res.Poison: .       Res.Corr.  : .   (no helmet)
Res.Elec. : .       Clarity    : .   (no cloak)
Sust.Abil.: . .     Spirit.Shd : .   (no gloves)
Res.Mut.  : .       Stasis     : .   (boots unavailable)
Res.Rott. : .       Flight     : .   (no amulet)
Saprovore : . . .                    (no ring)
                                     d - cursed ring of protection from magic

@: very slightly contaminated, quite resistant to hostile enchantments,
unstealthy
A: fire immunity, cold vulnerability, life protection 3
a: Renounce Religion


You were on level 7 of the Dungeon.
You worshipped Vehumet.
Vehumet was most pleased with you.
You were not hungry.

You visited 2 branches of the dungeon, and saw 8 of its levels.

You collected 368 gold pieces.

Inventory:

Hand weapons
 e - a +1,+4 short sword of freezing (weapon)
 k - a +0 orcish blowgun
Missiles
 f - 5 steel darts
 i - 5 poisoned darts (quivered)
 l - 33 poisoned needles
 m - 8 exploding darts
 y - 6 curare-tipped needles
Armour
 a - a +0 robe (worn)
Scrolls
 g - a scroll of enchant weapon II
 j - a scroll of identify
 p - a scroll of enchant armour {unknown}
 u - a scroll of remove curse
 x - 2 scrolls of magic mapping
Jewellery
 d - a cursed ring of protection from magic (left hand)
 h - an uncursed ring of ice
Potions
 c - a potion of might
 o - a potion of curing
 q - a potion of resistance
Books
 b - a book of Flames

   Spells                             Type                      Level
   *Flame Tongue                      Conjuration/Fire             1
   Throw Flame                        Conjuration/Fire             2
   *Conjure Flame                     Conjuration/Fire             3
   Inner Flame                        Hexes/Fire                   3
   *Sticky Flame                      Conjuration/Fire             4
   Fireball                           Conjuration/Fire             5
 r - a book of the Dragon

   Spells                             Type                      Level
   Flight                             Charms/Air                   3
   Cause Fear                         Hexes                        4
   Bolt of Fire                       Conjuration/Fire             6
   Dragon Form                        Transmutation                7
   Summon Dragon                      Summoning                    9


   Skills:
 + Level 4.3 Fighting
 - Level 1.7 Dodging
 - Level 1.5 Stealth
 + Level 6.3 Spellcasting
 + Level 5.8 Conjurations
 + Level 7.9 Fire Magic


You had 11 spell levels left.
You knew the following spells:

 Your Spells              Type           Power        Failure   Level  Hunger
a - Flame Tongue          Conj/Fire      ####.        1%          1    None
b - Conjure Flame         Conj/Fire      ####....     1%          3    ##.....
c - Sticky Flame          Conj/Fire      ####....     10%         4    ####...


Dungeon Overview and Level Annotations

Branches:
Dungeon (7/27)             Temple (1/1) D:4
    Orc: D:6-11

Altars:
Ashenzari
Cheibriados
Elyvilon
Fedhas
Makhleb
Nemelex Xobeh
Okawaru
Sif Muna
Trog
Vehumet
Xom
Yredelemnul
Zin
the Shining One
Lugonu


Innate Abilities, Weirdness & Mutations

You are immune to all types of fire, even holy and hellish.
You are vulnerable to cold.
You need no food.
You have no legs.
You are immune to negative energy.


Message History

You are very lightly contaminated with residual magic.
Casting: Flame Tongue
Confirm with . or Enter, or press ? or * to list all spells.
Aiming: Flame Tongue
Press: ? - help, Shift-Dir - straight line, f - warg
Aim: a warg (moderately wounded)
The flame hits the warg.
The warg appears unharmed.
The warg is moderately wounded.
Casting: Flame Tongue
Confirm with . or Enter, or press ? or * to list all spells.
Aiming: Flame Tongue
Press: ? - help, Shift-Dir - straight line, f/p - warg
Aim: a warg (moderately wounded)
The flame hits the warg.
The warg is heavily wounded.
The warg seems to regain its courage.
You hit the warg but do no damage.
The warg is heavily wounded.
The warg bites you!
You die...

###### #....## #....#.
###################....#.
........@h...............
.......................#.
##################....#.
#....#. #....#. ###.##.
#h##. # . #.##. .....
#######.##.


You could see a warg.

Vanquished Creatures
  A hungry ghost (D:5)
  2 ogres
  A phantom (D:6)
  A black bear (D:6)
  2 ice beasts
  2 centaurs
  Sigmund (D:5)
  2 giant frogs (D:7)
  2 hounds
  A goliath beetle (D:6)
  A giant frog skeleton (D:5)
  2 worker ants
  An iguana (D:6)
  2 orc wizards
  A mummy (D:7)
  6 adders
  A giant mite (D:7)
  4 worms
  An adder skeleton (D:6)
  A giant gecko (D:5)
  An ooze (D:4)
  11 orcs
  A bat skeleton (D:5)
  4 giant cockroaches
  9 goblins
  12 hobgoblins
  10 jackals
  3 quokkas
  A ball python (D:2)
  16 bats
  4 giant newts
  A hobgoblin zombie (D:6)
  A jackal zombie (D:3)
  16 kobolds
  A kobold skeleton (D:5)
  7 rats
133 creatures vanquished.

Notes
Turn   | Place    | Note
--------------------------------------------------------------
     0 | D:1      | Misa, the Djinni Fire Elementalist, began the quest for the Orb.
     0 | D:1      | Reached XP level 1. HP: 14/14 MP: 0/0
   416 | D:1      | Reached XP level 2. EP: 10/21
  1134 | D:2      | Reached XP level 3. EP: 25/27
  1952 | D:3      | Learned a level 3 spell: Conjure Flame
  2528 | D:3      | Reached XP level 4. EP: 30/36
  2709 | D:3      | Learned a level 4 spell: Sticky Flame
  2908 | D:4      | Found a staircase to the Ecumenical Temple.
  2946 | D:4      | HP: 1/36 [hound (3)]
  2947 | D:4      | Reached skill level 1 in Fighting
  3150 | Temple   | Entered the Ecumenical Temple
  3225 | D:4      | Reached skill level 5 in Fire Magic
  3225 | D:4      | Reached XP level 5. EP: 30/42
  3339 | D:4      | Got a dull robe
  3340 | D:4      | Identified the cursed +0 robe "Pres" {Dex+2} (You found it on level 4 of the Dungeon)
  3617 | D:4      | Found a burning altar of Makhleb.
  3620 | D:4      | Found a radiant altar of Vehumet.
  3634 | D:4      | Became a worshipper of Vehumet
  3640 | D:4      | Found a deep blue altar of Sif Muna.
  3643 | D:4      | Found a white marble altar of Elyvilon.
  3842 | D:4      | Noticed an ice beast
  3934 | D:4      | Killed an ice beast
  3934 | D:4      | Reached XP level 6. EP: 37/51
  4602 | D:5      | Entered Level 5 of the Dungeon
  4612 | D:5      | Noticed Sigmund
  4743 | D:5      | Killed Sigmund
  4743 | D:5      | Reached skill level 6 in Fire Magic
  4996 | D:5      | Found a basalt altar of Yredelemnul.
  5073 | D:5      | Acquired Vehumet's first power
  5073 | D:5      | Offered knowledge of Shock by Vehumet.
  5557 | D:6      | Noticed a hungry ghost
  5574 | D:5      | Killed a hungry ghost
  5574 | D:5      | Reached XP level 7. EP: 36/60
  5811 | D:6      | Paralysed by a potion of paralysis for 6 turns
  6082 | D:6      | Reached skill level 5 in Spellcasting
  6656 | D:6      | Found a snail-covered altar of Cheibriados.
  6855 | D:6      | Reached skill level 5 in Conjurations
  6855 | D:6      | Reached skill level 7 in Fire Magic
  7062 | D:6      | Reached XP level 8. EP: 55/69
  7285 | D:7      | Found a snail-covered altar of Cheibriados.
  7696 | D:7      | Found a bloodstained altar of Trog.
  7749 | D:7      | Found a glowing golden altar of the Shining One.
  8046 | D:7      | Slain by a warg

Action                   |  1- 3 |  4- 6 |  7- 9 || total
-------------------------+-------+-------+-------++-------
Melee: Unarmed           |    18 |       |       ||    18
       Short sword       |    99 |   181 |    36 ||   316
 Fire: Blowgun           |       |       |    11 ||    11
 Cast: Flame Tongue      |    12 |    23 |    43 ||    78
       Conjure Flame     |       |     7 |     8 ||    15
       Sticky Flame      |       |     2 |     9 ||    11
  Use: Scroll            |    10 |     6 |     5 ||    21
       Potion            |       |       |    13 ||    13
 Stab: Sleeping          |     2 |     1 |       ||     3
